 Dungeon Crawl Stone Soup version 0.21-a0-630-g344d351 (webtiles) character file.

90773 kibaces the Corrupter of Planes (level 15, -2/120 HPs)
             Began as a Demonspawn Abyssal Knight on Dec 26, 2017.
             Was the Champion of Lugonu.
             Slain by a freezing wraith (10 damage)
             ... in an ice cave.
             The game lasted 01:58:57 (32580 turns).

kibaces the Corrupter of Planes (DsAK)             Turns: 32580, Time: 01:58:58

Health: -2/120     AC: 32    Str: 16    XL:     15   Next: 53%
Magic:  25/25      EV: 16    Int: 22    God:    Lugonu [******]
Gold:   1424       SH: 15    Dex: 19    Spells: 13/14 levels left

rFire    . . .     SeeInvis .   N - +9 long sword (distort)
rCold    . . .     Gourm    .   Q - +0 shield {reflect}
rNeg     + + .     Faith    .   x - +5 plate armour of Vanity {rPois rN+ Int+4}
rPois    +         Spirit   .   S - +1 helmet "Miruize" {MR+}
rElec    .         Reflect  +   U - scarf {repulsion}
rCorr    .         Harm     .   n - +1 pair of gloves
MR       ++...                  M - +1 pair of boots
Stlth    ..........             t - amulet of the Five Hells {Reflect *Contam rPois rN+ Int+3 SH+3}
HPRegen  0.30/turn              e - +3 ring of slaying
MPRegen  0.19/turn              D - +5 ring of protection

@: agile, repel missiles, very slow
A: hooves 2, powered by death 2, powered by pain 3, sturdy frame 1
a: Depart the Abyss, Bend Space, Banish, Corrupt, Enter the Abyss, Renounce
Religion


You were in an ice cave.
You worshipped Lugonu.
Lugonu was exalted by your worship.
You were not hungry.

You visited 4 branches of the dungeon, and saw 22 of its levels.
You visited the Abyss 1 time.
You also visited: Bailey and Ice Cave.

You collected 2089 gold pieces.
You spent 665 gold pieces at shops.

Inventory:

Hand Weapons
 N - a +9 long sword of distortion (weapon)
 W - the +5 rapier of Enuro {antimagic, rPois rC- Str+3 SInv}
   (You found it in an ice cave)

   It reduces the magical energy of the wielder, and disrupts the spells and
   magical abilities of those hit.
   Natural abilities and divine invocations are not affected.
   It affects your strength (+3).
   It makes you vulnerable to cold.
   It protects you from poison.
   It lets you see invisible.
Armour
 n - a +1 pair of gloves (worn)
 x - the +5 plate armour of Vanity (worn) {rPois rN+ Int+4}
   (You found it on level 9 of the Dungeon)

   It affects your intelligence (+4).
   It protects you from poison.
   It protects you from negative energy.
 M - a +1 pair of boots (worn)
 Q - a +0 shield of reflection (worn)
 S - the +1 helmet "Miruize" (worn) {MR+}
   (You found it on level 6 of the Lair of Beasts)

   It affects your resistance to hostile enchantments.
 U - a scarf of repulsion (worn)
Jewellery
 e - a +3 ring of slaying (left hand)
 t - the amulet of the Five Hells (around neck) {Reflect *Contam rPois rN+ Int+3 SH+3}
   (You found it on level 3 of the Lair of Beasts)

   [amulet of reflection]

   It shields you and reflects attacks.
   It affects your intelligence (+3).
   It protects you from poison.
   It protects you from negative energy.
   It causes magical contamination when unequipped.
   It affects your SH (+3).
 D - a +5 ring of protection (right hand)
 F - an uncursed ring of see invisible {unknown}
 R - an uncursed amulet of guardian spirit {unknown}
Wands
 j - a wand of iceblast (16)
 o - a wand of flame (56)
 s - a wand of digging (47)
 u - a wand of acid (12)
 y - a wand of paralysis (22)
 A - a wand of polymorph (17)
 C - a wand of scattershot (7)
Scrolls
 a - 2 scrolls of fear
 d - 7 scrolls of remove curse
 g - 6 scrolls of teleportation
 i - 5 scrolls of amnesia
 l - 2 scrolls of immolation
 E - 3 scrolls of fog
 G - 5 scrolls of blinking
 H - 2 scrolls of summoning
 I - a scroll of brand weapon
 K - 2 scrolls of magic mapping
 L - a scroll of vulnerability {unknown}
 V - a scroll of identify
Potions
 b - 10 potions of curing
 f - 4 potions of mutation
 h - a potion of invisibility {unknown}
 k - 4 potions of haste
 m - 5 potions of heal wounds
 p - a potion of might
 q - 4 potions of magic
 r - 2 potions of berserk rage
 v - 4 potions of brilliance
 w - 3 potions of flight
 z - a potion of cancellation
 B - 3 potions of lignification {unknown}
 J - 3 potions of ambrosia {unknown}
 O - 2 potions of agility
 P - a potion of resistance
Comestibles
 c - 26 rations


   Skills:
 + Level 12.0 Fighting
 + Level 11.0 Long Blades
 + Level 10.9 Armour
 + Level 10.8 Dodging
 + Level 10.7 Shields
 + Level 14.3 Invocations


You had 13 spell levels left.
You knew the following spells:

 Your Spells              Type           Power        Failure   Level  Hunger
a - Summon Butterflies    Summ           #.......     99%         1    ##.....


Dungeon Overview and Level Annotations

Branches:
Dungeon (11/15)            Temple (0/1) D:7            Lair (6/6) D:9
  Swamp (3/4) Lair:2        Snake (0/4) Lair:2        Slime (0/5) Lair:5
    Orc (2/2) D:9             Elf (0/3) Orc:2

Altars:
Cheibriados
Gozag
Makhleb
Xom
Beogh

Shops:
D:9 ?   Orc:2 *:}*

Portals:
Hell: Lair:6

Annotations:
D:9 exclusion: obsidian statue
Swamp:3 corrupted
Abyss:1 Fannar


Innate Abilities, Weirdness & Mutations

You have hoof-like feet.
You regenerate health from kills.
You are powered by pain.
Your movements are slightly less encumbered by armour. (ER -2)


Message History

The freezing wraith blinks!
You are engulfed in freezing vapours.
You are engulfed in freezing vapours.
You enter the shallow water.
Moving in this stuff is going to be slow.
You are engulfed in freezing vapours.
* * * LOW HITPOINT WARNING * * *
You focus on the pain.
You feel more agile all of a sudden.
You block the freezing wraith's attack. x2
The freezing wraith hits you but does no damage.
The freezing wraith closely misses you.
You slash the freezing wraith!
Space warps horribly around the freezing wraith!
The freezing wraith is heavily damaged.
You are engulfed in freezing vapours.
* * * LOW HITPOINT WARNING * * *
The freezing wraith hits you.
* * * LOW HITPOINT WARNING * * *
The freezing wraith freezes you!
You die...

########## # #§.§....[## ..
####§§§§..:.|#
#.##§§§≈§§.§...##
#..§§§.§§#..###
##..§§..##### ##.§@W§##
###§§§.## ## ###§..## #.
###..## ≈ ## ##..# ≈≈ ###.
###..###≈≈≈##..# ###
###...##≈≈≈≈≈≈##..
###.#####..##.#≈≈≈≈≈≈≈≈#..
###..#.##..#.#.≈≈≈≈≈≈≈≈≈≈###


You could see a freezing wraith.

Vanquished Creatures
  3 thorn hunters
  Donald (Orc:2)
  2 orc warlords
  A centaur warrior (D:11)
  7 two-headed ogres
  4 alligators
  2 orc high priests (Orc:2)
  A sixfirhy (Lair:6)
  2 swamp dragons
  A wizard (Lair:6)
  3 orc knights
  A necromancer (Swamp:2)
  2 oklob plants (Lair:3)
  2 orc sorcerers (Orc:2)
  A guardian serpent (D:10)
  An ice statue (IceCv)
  3 black mambas
  11 elephants
  Joseph (D:10)
  2 orange demons (Lair:6)
  19 spiny frogs
  3 rime drakes
  5 komodo dragons
  A hellwing (Lair:6)
  2 freezing wraiths
  2 golden dragon simulacra (IceCv)
  3 anaconda simulacra (IceCv)
  5 ice devils
  10 trolls
  A hydra zombie (Swamp:2)
  5 slime creatures
  2 tyrant leeches (Swamp:1)
  7 blink frogs
  6 hornets
  A wolf spider simulacrum (IceCv)
  2 hippogriffs
  4 bog bodies
  A vampire (D:11)
  5 spriggans
  A dire elephant simulacrum (IceCv)
  4 shadows
  32 yaks
  6 wyverns
  6 basilisks
  2 vampire mosquitoes (Swamp:2)
  3 hungry ghosts
  2 steam dragons
  Eustachio (D:5)
  2 harpy simulacra (IceCv)
  9 insubstantial wisps
  8 wargs
  10 swamp worms
  A soldier ant (D:9)
  3 nagas (Lair:2)
  3 hydra simulacra (IceCv)
  11 water moccasins
  4 hell hounds (Lair:6)
  46 orc warriors
  4 porcupines
  A black bear (Lair:1)
  An ice beast (D:11)
  12 swamp drakes
  5 sky beasts
  An ettin simulacrum (IceCv)
  3 phantoms
  13 ogres
  9 centaurs
  13 crocodiles
  A big kobold (D:8)
  14 bullfrogs
  A wyvern zombie (D:8)
  6 scorpions
  10 killer bees
  An elephant simulacrum (IceCv)
  A swamp dragon simulacrum (Swamp:2)
  3 howler monkeys (D:11)
  2 electric eels (Lair:1)
  A vampire bat (Lair:2)
  7 wights
  4 crimson imps
  3 centaur zombies
  4 draconian simulacra (IceCv)
  5 hounds
  3 centaur skeletons
  12 jellies (Lair:5)
  19 orc priests
  A bullfrog skeleton (D:10)
  18 orc wizards
  3 iguanas
  5 troll simulacra (IceCv)
  6 worker ants
  2 wolf simulacra (IceCv)
  2 centaur simulacra (IceCv)
  2 hound skeletons
  3 worker ant zombies
  A gnoll (Orc:2)
  17 adders
  A river rat (D:4)
  2 naga simulacra (IceCv)
  2 ogre simulacra (IceCv)
  4 shadow imps
  6 white imps (IceCv)
  3 ufetubi (IceCv)
  4 oozes
  3 worms
  4 dart slugs
  5 leopard geckos
  114 orcs
  13 bats
  6 giant cockroaches
  11 goblins
  7 hobgoblins
  4 jackals (D:5)
  4 quokkas
  A ball python (D:3)
  8 frilled lizards
  17 kobolds
  A leopard gecko zombie (D:7)
  3 quokka skeletons
  9 rats
740 creatures vanquished.

Vanquished Creatures (others)
  A blizzard demon (IceCv)
  5 hydras
  A catoblepas (Lair:5)
  The ghost of XomBae the Grappler, a novice TrCK of Xom (D:8)
  The ghost of tidbits the Summoner, a journeyman GnSu of Cheibriados (D:10)
  An alligator (Swamp:2)
  The ghost of mtoz the Cleaver, a novice MiBe of Trog (D:9)
  2 orc high priests (Orc:2)
  A spriggan rider (Swamp:3)
  A fire crab (Lair:4)
  A spriggan druid (Swamp:3)
  A swamp dragon (Swamp:2)
  2 oklob plants (Lair:3)
  An orc knight (Orc:2)
  2 orc sorcerers (Orc:2)
  4 elephants
  An orange demon (Lair:6)
  4 spiny frogs
  An anaconda simulacrum (IceCv)
  2 komodo dragons (Lair:6)
  An ice devil (Lair:6)
  A freezing wraith (IceCv)
  2 tyrant leeches (Swamp:3)
  A hornet (Swamp:3)
  A blink frog (Lair:5)
  A bog body (Swamp:3)
  2 slime creatures
  A hippogriff (Lair:4)
  2 yaks
  A tyrant leech zombie (Swamp:2)
  6 swamp worms (Swamp:3)
  3 wargs (Orc:2)
  9 insubstantial wisps
  A naga (Lair:2)
  A water moccasin (Lair:6)
  2 orc warriors (Orc:2)
  A jelly (Lair:5)
  3 orc priests (Orc:2)
  2 orc wizards
  2 white imps (IceCv)
  4 ufetubi (IceCv)
  An orc (Orc:2)
  8 fungi
  5 plants
  2 starspawn tentacles (Swamp:3)
97 creatures vanquished.

Grand Total: 837 creatures vanquished

Notes
Turn   | Place    | Note
-------+----------+-------------------------------------------
     0 | Abyss:1  | kibaces the Demonspawn Abyssal Knight began the quest for the Orb.
     0 | Abyss:1  | Reached XP level 1. HP: 18/18 MP: 2/2
   201 | Abyss:2  | Noticed a wretched star
   201 | D:1      | Escaped the Abyss
   214 | D:1      | Reached skill level 1 in Dodging
   363 | D:1      | Gained mutation: You regenerate a little health from kills. [demonic ancestry]
   363 | D:1      | Reached XP level 2. HP: 22/24 MP: 4/4
   419 | D:1      | Reached * piety under Lugonu
   857 | D:1      | Reached skill level 3 in Invocations
   894 | D:1      | Gained mutation: You sometimes gain a little power by taking damage. [demonic ancestry]
   894 | D:1      | Reached XP level 3. HP: 23/29 MP: 5/5
  1400 | D:2      | Reached XP level 4. HP: 35/35 MP: 6/6
  1817 | D:3      | Reached ** piety under Lugonu
  2900 | D:3      | Gained mutation: You have large cloven feet. [demonic ancestry]
  2900 | D:3      | Reached XP level 5. HP: 40/42 MP: 7/7
  3402 | D:4      | Reached skill level 1 in Shields
  3561 | D:4      | Noticed a phantom
  3596 | D:5      | Entered Level 5 of the Dungeon
  3877 | D:4      | Gained mutation: You regenerate health from kills. [demonic ancestry]
  3877 | D:4      | Reached XP level 6. HP: 48/48 MP: 8/8
  3884 | D:4      | Noticed a sky beast
  3903 | D:4      | Killed a sky beast
  4618 | D:4      | Reached *** piety under Lugonu
  4926 | D:5      | Noticed Eustachio
  5116 | D:5      | Reached XP level 7. HP: 55/55 MP: 9/9
  6033 | D:5      | Killed Eustachio
  6033 | D:5      | Reached skill level 5 in Fighting
  6337 | D:5      | Reached XP level 8. HP: 42/62 MP: 10/10
  6827 | D:6      | Reached skill level 4 in Invocations
  7243 | D:6      | Reached **** piety under Lugonu
  7512 | D:7      | Reached skill level 5 in Invocations
  7709 | D:7      | Reached XP level 9. HP: 56/69 MP: 12/12
  7742 | D:7      | Reached skill level 5 in Armour
  7768 | D:7      | Reached skill level 5 in Long Blades
  8000 | D:7      | Learned a level 1 spell: Summon Butterflies
  8322 | D:7      | Found a staircase to the Ecumenical Temple.
  8563 | D:8      | Noticed a two-headed ogre
  8722 | D:8      | Reached skill level 5 in Dodging
  8846 | D:8      | Reached skill level 6 in Invocations
  8957 | D:8      | Noticed a two-headed ogre
  8972 | D:8      | Killed a two-headed ogre
  8972 | D:8      | Reached skill level 5 in Shields
  9240 | D:8      | Killed a two-headed ogre
  9240 | D:8      | Gained mutation: You sometimes gain power by taking damage. [demonic ancestry]
  9240 | D:8      | Reached XP level 10. HP: 60/77 MP: 13/15
  9554 | D:8      | Noticed XomBae's ghost (novice TrCK)
  9559 | D:8      | Banished XomBae's ghost
  9559 | D:8      | Reached skill level 7 in Invocations
  9836 | D:9      | Found a flagged portal.
  9935 | D:9      | Found a runed door.
  9974 | D:9      | Found a runed door.
  9984 | D:9      | Got a twisted plate armour
  9985 | D:9      | Found a runed door.
  9997 | D:9      | Found a runed door.
 10199 | Bailey   | Entered a bailey
 10349 | Bailey   | Found a bloodstained altar of Trog.
 10682 | D:9      | Noticed mtoz's ghost (novice MiBe)
 10689 | D:9      | Banished mtoz's ghost
 10736 | D:9      | Reached skill level 8 in Invocations
 10746 | D:9      | Found a staircase to the Orcish Mines.
 10945 | D:9      | Found Sirghe Soisi's Magic Scroll Emporium.
 10953 | D:9      | Bought a scroll of blinking for 120 gold pieces
 10953 | D:9      | Bought a scroll of summoning for 152 gold pieces
 10953 | D:9      | Bought a scroll of identify for 32 gold pieces
 10953 | D:9      | Found an opulent altar of Gozag.
 10957 | D:9      | Identified the +5 plate armour of Vanity {rPois rN+ Int+4} (You found it on level 9 of the Dungeon)
 11053 | D:9      | Found a staircase to the Lair.
 11128 | D:9      | Noticed an obsidian statue
 11190 | D:10     | Entered Level 10 of the Dungeon
 11316 | D:10     | Reached XP level 11. HP: 79/86 MP: 17/17
 11728 | D:10     | Noticed a two-headed ogre
 11746 | D:10     | Killed a two-headed ogre
 11933 | D:10     | Reached ***** piety under Lugonu
 12042 | D:10     | Noticed tidbits's ghost (journeyman GnSu)
 12055 | D:10     | Noticed Joseph
 12558 | D:10     | Noticed Fannar
 12568 | D:10     | Banished Fannar
 12946 | D:10     | Banished tidbits's ghost
 12946 | D:10     | Reached skill level 9 in Invocations
 13563 | D:11     | Got a polished ring mail
 13670 | D:11     | Identified the cursed +1 ring mail of the Heavens {*Slow +Blink rPois rCorr} (You found it on level 11 of the Dungeon)
 13730 | D:11     | Noticed a centaur warrior
 13757 | D:11     | Killed a centaur warrior
 14010 | D:10     | Killed Joseph
 14052 | Lair:1   | Entered Level 1 of the Lair of Beasts
 14444 | Lair:1   | Noticed a four-headed hydra
 14489 | Lair:1   | Banished a six-headed hydra
 14489 | Lair:1   | Gained mutation: Your movements are slightly less encumbered by armour. (ER -2) [demonic ancestry]
 14489 | Lair:1   | Reached XP level 12. HP: 58/94 MP: 19/19
 14714 | Orc:1    | Entered Level 1 of the Orcish Mines
 14714 | Orc:1    | Noticed an orc warlord
 14732 | D:9      | Reached skill level 10 in Invocations
 14784 | D:9      | Killed an orc warlord
 15732 | Orc:1    | Found a roughly hewn altar of Beogh.
 15772 | Orc:2    | Entered Level 2 of the Orcish Mines
 15781 | Orc:2    | Noticed a two-headed ogre
 15790 | Orc:2    | Killed a two-headed ogre
 15929 | Orc:2    | Noticed a two-headed ogre
 15939 | Orc:2    | Killed a two-headed ogre
 15972 | Orc:2    | Noticed a two-headed ogre
 15984 | Orc:2    | Killed a two-headed ogre
 16018 | Orc:2    | Noticed a two-headed ogre
 16028 | Orc:2    | Killed a two-headed ogre
 16573 | Orc:2    | Noticed Donald
 16591 | Orc:1    | Reached ****** piety under Lugonu
 16678 | Orc:2    | Reached skill level 11 in Invocations
 17059 | Orc:2    | Identified a +6 long sword of distortion (a +4 long sword of venom corrupted by Lugonu)
 17059 | Orc:2    | Received a gift from Lugonu
 17114 | Orc:2    | Found Saply's Assorted Antiques.
 17124 | Orc:2    | Bought a pair of distressingly furry gloves for 361 gold pieces
 17125 | Orc:2    | Identified the -3 pair of gloves "Exe Weam" {rF+ rC- rN+ Regen+} (You bought it in a shop on level 2 of the Orcish Mines)
 17141 | Orc:2    | Found Plog's Gadget Shop.
 17275 | Orc:2    | Found a roughly hewn altar of Beogh.
 17489 | Orc:2    | Got a diamond-encrusted ring mail
 17505 | Orc:2    | Identified the +1 ring mail of Taadulosui {MR+++ Str+8 Slay-2} (You found it on level 2 of the Orcish Mines)
 17554 | Orc:2    | Paralysed by an orc sorcerer for 2 turns
 17620 | Orc:2    | Gained mutation: You are powered by pain. [demonic ancestry]
 17620 | Orc:2    | Reached XP level 13. HP: 103/103 MP: 21/21
 17709 | Orc:2    | Found the +8 frozen axe "Frostbite" {freezing cloud, *Noise +Fly rC+}
 17817 | Orc:2    | Killed Donald
 17817 | Orc:2    | Reached skill level 10 in Fighting
 17829 | Orc:2    | Noticed an orc warlord
 17938 | Orc:2    | Found a roughly hewn altar of Beogh.
 17973 | Orc:2    | Killed an orc warlord
 18521 | Orc:2    | Found Uttuti's General Store.
 18555 | Orc:2    | Found Siluukal's Book Boutique.
 19233 | Orc:2    | Found a staircase to the Elven Halls.
 19655 | Lair:1   | Reached skill level 12 in Invocations
 20169 | Lair:2   | Found a staircase to the Swamp.
 20202 | Lair:2   | Got a spiked plate armour
 20213 | Lair:2   | Identified the cursed +0 plate armour of Serendipity {+Inv rN+ Str-4 Int+3} (You found it on level 2 of the Lair of Beasts)
 20356 | Lair:2   | Found a staircase to the Snake Pit.
 20772 | Lair:3   | Identified a scroll of acquirement
 20793 | Lair:3   | Got a fine iron amulet
 20794 | Lair:3   | Identified the amulet "Jupo" {Spirit *Slow +Blink +Inv +Fly rPois} (You acquired it on level 3 of the Lair of Beasts)
 21508 | Lair:3   | Found a shimmering altar of Xom.
 22058 | Lair:3   | Got a flickering brass amulet
 22063 | Lair:3   | Identified the amulet of the Five Hells {Reflect *Contam rPois rN+ Int+3 SH+3} (You found it on level 3 of the Lair of Beasts)
 22927 | Lair:4   | Gained mutation: You have hoof-like feet. [demonic ancestry]
 22927 | Lair:4   | Reached XP level 14. HP: 105/111 MP: 23/23
 24963 | Lair:5   | Reached skill level 10 in Long Blades
 24987 | Lair:5   | Found a staircase to the Slime Pits.
 25780 | Lair:6   | Entered Level 6 of the Lair of Beasts
 25878 | Lair:6   | Reached skill level 13 in Invocations
 25965 | Lair:6   | Reached skill level 10 in Armour
 26950 | Lair:6   | Reached skill level 10 in Dodging
 27216 | Lair:6   | Found a burning altar of Makhleb.
 27239 | Lair:6   | Reached skill level 10 in Shields
 27277 | Lair:6   | Found a gateway to Hell.
 27286 | Lair:6   | Got a warped helmet
 27458 | Lair:6   | Identified the +1 helmet "Miruize" {MR+} (You found it on level 6 of the Lair of Beasts)
 27603 | Lair:6   | Paralysed by a wizard for 3 turns
 28209 | Swamp:1  | Entered Level 1 of the Swamp
 28209 | Swamp:1  | Noticed a thorn hunter
 28217 | Swamp:1  | Killed a thorn hunter
 29313 | Swamp:2  | Noticed a thorn hunter
 29318 | Swamp:2  | Killed a thorn hunter
 29318 | Swamp:2  | Reached XP level 15. HP: 73/119 MP: 25/25
 30336 | Swamp:3  | Found a snail-covered altar of Cheibriados.
 30400 | Swamp:3  | Reached skill level 14 in Invocations
 30518 | Swamp:3  | Noticed a thorn hunter
 30529 | Swamp:3  | Killed a thorn hunter
 30549 | Swamp:3  | Corrupted Swamp:3
 30572 | Swamp:3  | Noticed a tentacled starspawn
 30577 | Swamp:3  | Noticed a tentacled starspawn
 30613 | Swamp:3  | Noticed a red draconian monk
 30790 | Swamp:3  | Found a frozen archway.
 30804 | IceCv    | Entered an ice cave
 32419 | IceCv    | Got a crude rapier
 32445 | IceCv    | Identified the +5 rapier of Enuro {antimagic, rPois rC- Str+3 SInv} (You found it in an ice cave)
 32580 | IceCv    | Slain by a freezing wraith

Vault maps used:
D:1:      dpeg_arrival_arbitrary_c
D:3:      patterned_corridor
D:4:      gup_sewer_entry_spiral
D:5:      first_ration, serial_bayou_ford_a, kennysheep_dice, uniq_eustachio
D:7:      minmay_temple_entry_poolview, grunt_ogre_cave
D:9:      nicolae_gozag_cash_rules_everything_around_me, lair_entry_dummy,
          minmay_orc_entry_guard_dogs, enter_bailey_8, serial_shops, shop,
          minmay_statue_crystal_thing
D:10:     minmay_misc_feat_rugged, nrook_guardian_serpent_double, uniq_fannar,
          uniq_joseph
D:11:     kennysheep_big_empty_room
Lair:1:   serial_bayou_shore_a
Lair:2:   minmay_swamp_entry_wisps, minmay_snake_entry_guardpost_medium,
          roderic_batcave
Lair:3:   dpeg_oklob_gauntlet, basic_altar, minmay_lair_oklob_chamber,
          grunt_megastairs_1, lemuel_fruit_tree
Lair:4:   grunt_megastairs_4
Lair:5:   minmay_slime_entry_jelly_boxes, beast_lair_carwin_7,
          grunt_megastairs_2
Lair:6:   evil_forest, lemuel_fruit_fields
Swamp:1:  nicolae_swamp_fairy_circle, infiniplex_staircase_pool
Swamp:2:  hangedman_swamp_ruin_wall, nicolae_swamp_necromancer_hut
Swamp:3:  portal_ice_cave_entry_frozen_things, basic_altar
Orc:1:    basic_altar
Orc:2:    pubby_orc_utopia, uniq_donald
Abyss:2:  hangedman_decor_lopped
Bailey:   bailey_axe_3, bailey
IceCv:    ice_cave_caverns_02

Skill      XL: |  1  2  3  4  5  6  7  8  9 10 11 12 13 14 15 |
---------------+----------------------------------------------+-----
Dodging        | 1 2 3 4 5 6 7 8 9 10 | 10.8
Long Blades    | 2 3 4 5 6 7 8 9 10 11 | 11.0
Armour         | 2 3 4 6 7 8 9 10 | 10.9
Invocations    | 3 5 6 8 9 11 12 13 14 | 14.3
Shields        | 1 2 3 4 5 6 7 8 9 10 | 10.7
Fighting       | 4 5 6 7 8 9 10 11 12 | 12.0

Action                   |  1- 3 |  4- 6 |  7- 9 | 10-12 | 13-15 || total
-------------------------+-------+-------+-------+-------+-------++-------
Melee: Falchion          |   108 |   207 |   363 |  1126 |       ||  1804
       Kick              |       |    32 |    19 |       |       ||    51
       Long sword        |       |       |       |   108 |  1475 ||  1583
Throw: Tomahawk          |       |       |       |    27 |       ||    27
Invok: Depart the Abyss  |     1 |       |       |       |       ||     1
       Bend Space        |       |     3 |     2 |     1 |       ||     6
       Banish            |       |       |       |     8 |    12 ||    20
       Brand Weapon With |       |       |       |     1 |       ||     1
       Corrupt           |       |       |       |       |     1 ||     1
Evoke: Wand              |       |       |    12 |     6 |     1 ||    19
  Use: Scroll            |       |    10 |     8 |    10 |    14 ||    42
       Potion            |       |       |     1 |     3 |     2 ||     6
 Stab: Confused          |       |       |       |     1 |     2 ||     3
  Eat: Chunk             |     1 |     9 |    14 |    19 |    24 ||    67
       Ration            |       |     1 |     2 |     5 |     9 ||    17
Armor: Leather armour    |    10 |       |       |       |       ||    10
       Ring mail         |    49 |    75 |   138 |   361 |       ||   623
       Plate armour      |       |       |       |   267 |   779 ||  1046
Dodge: Dodged            |    44 |    64 |   169 |   657 |   412 ||  1346
       Deflected         |       |       |       |       |     3 ||     3
Block: Shield            |    25 |    64 |   184 |   908 |   932 ||  2113
       Reflection        |       |       |       |       |     5 ||     5
       Rpst.: Falchion   |    11 |    17 |    62 |   142 |       ||   232
       Long sword        |       |       |       |    12 |    90 ||   102

Table legend:
 A = Spawn XP
 B = Non-spawn XP
 C = Spawn XP percentage of total XP
 D = Spawn monster count
 E = Non-spawn monster count
 F = Spawn count percentage of total count
 G = Total turns spent on level
                    A         B        C        D         E        F      G
               +---------+---------+-------+---------+---------+-------+---------
         Total |       0 |  129676 |   0.0 |       0 |     803 |   0.0 | 32580
               +---------+---------+-------+---------+---------+-------+---------
           D:1 |       0 |      46 |   0.0 |       0 |      23 |   0.0 |   705
           D:2 |       0 |      99 |   0.0 |       0 |      17 |   0.0 |  1264
           D:3 |       0 |      63 |   0.0 |       0 |      26 |   0.0 |  1189
           D:4 |       0 |     496 |   0.0 |       0 |      25 |   0.0 |  1544
           D:5 |       0 |     748 |   0.0 |       0 |      27 |   0.0 |  1648
           D:6 |       0 |    1070 |   0.0 |       0 |      19 |   0.0 |  1050
           D:7 |       0 |    1130 |   0.0 |       0 |      35 |   0.0 |   777
           D:8 |       0 |    2841 |   0.0 |       0 |      14 |   0.0 |  1391
           D:9 |       0 |    7293 |   0.0 |       0 |      46 |   0.0 |  2431
          D:10 |       0 |    4553 |   0.0 |       0 |      29 |   0.0 |  1637
          D:11 |       0 |    3743 |   0.0 |       0 |      31 |   0.0 |   925
        Lair:1 |       0 |    3739 |   0.0 |       0 |      19 |   0.0 |  1007
        Lair:2 |       0 |    3079 |   0.0 |       0 |      26 |   0.0 |   722
        Lair:3 |       0 |    6676 |   0.0 |       0 |      22 |   0.0 |  1899
        Lair:4 |       0 |    6187 |   0.0 |       0 |      27 |   0.0 |  1747
        Lair:5 |       0 |    9211 |   0.0 |       0 |      45 |   0.0 |  1409
        Lair:6 |       0 |   14309 |   0.0 |       0 |      42 |   0.0 |  2362
       Swamp:1 |       0 |   10293 |   0.0 |       0 |      34 |   0.0 |  1055
       Swamp:2 |       0 |   12228 |   0.0 |       0 |      31 |   0.0 |  1072
       Swamp:3 |       0 |    9021 |   0.0 |       0 |      25 |   0.0 |   468
         Orc:1 |       0 |    3278 |   0.0 |       0 |      40 |   0.0 |   878
         Orc:2 |       0 |   21687 |   0.0 |       0 |     136 |   0.0 |  3126
        Bailey |       0 |     544 |   0.0 |       0 |      15 |   0.0 |   297
         IceCv |       0 |    7342 |   0.0 |       0 |      49 |   0.0 |  1776
               +---------+---------+-------+---------+---------+-------+---------
